[Event "Titled Tuesday Blitz October 11 Early 2022"]
[White "Yurovskykh, Oleksandr"]
[Black "Skibbe, Willi"]
[WhiteFideId "14134020"]
[BlackFideId "4682190"]
[WhiteElo "2303"]
[BlackElo "2342"]
[Result "1-0"]
[Round "09"]
[TimeControl "180+1"]
[Date "2022.10.12"]
[WhiteClock "0:01:29"]
[BlackClock "0:01:58"]

1. d4 d5 2. Bf4 c5 3. e3 cxd4 4. exd4 Nc6 5. c3 Bf5 6. Nd2 e6 7. Ngf3 Bd6 8. Bxd6 Qxd6 9. Be2 Nf6 10. O-O O-O 11. Re1 Rab8 12. a4 Rfc8 13. Nb3 b6 14. Ba6 Rc7 15. Ne5 Na5 16. Bd3 Bxd3 17. Nxd3 Nxb3 18. Qxb3 a6 19. Qc2 Nd7 20. Qe2 b5 21. axb5 axb5 22. Rec1 Rbc8 23. Qe1 Qc5 24. dxc5 1-0


[Site "https://www.chess.com"]

[Event "Titled Tuesday Blitz October 11 Early 2022"]
[White "Zhao, Jun"]
[Black "Drozdowski, Kacper"]
[WhiteFideId "8602522"]
[BlackFideId "1136720"]
[WhiteElo "2547"]
[BlackElo "2485"]
[Result "1-0"]
[Round "09"]
[TimeControl "180+1"]
[Date "2022.10.11"]
[WhiteClock "0:00:20"]
[BlackClock "0:00:19"]

1. e4 c5 2. Nf3 e6 3. d4 cxd4 4. Nxd4 a6 5. Nc3 Qc7 6. Be3 Bb4 7. Qd2 Nf6 8. f3 d5 9. Nde2 dxe4 10. a3 Bxc3 11. Nxc3 exf3 12. gxf3 Nc6 13. Rg1 Ne5 14. Qf2 Ng6 15. O-O-O O-O 16. h4 b5 17. Ne4 Nxe4 18. fxe4 h5 19. Bd3 e5 20. Rg5 Bg4 21. Rg1 Qd7 22. Be2 Rac8 23. Bxg4 hxg4 24. R5xg4 Rc4 25. h5 Rfc8 26. hxg6 Rxc2+ 27. Qxc2 Rxc2+ 28. Kxc2 f5 29. exf5 Qxf5+ 30. Kc1 Qd3 31. Bd2 e4 32. Re1 Qc4+ 33. Bc3 a5 34. Rgxe4 1-0


[Site "https://www.chess.com"]

[Event "Titled Tuesday Blitz October 11 Early 2022"]
[White "Zierk, Steven"]
[Black "Colas, Joshua"]
[WhiteFideId "2034255"]
[BlackFideId "2044447"]
[WhiteElo "2494"]
[BlackElo "2347"]
[Result "1-0"]
[Round "09"]
[TimeControl "180+1"]
[Date "2022.10.11"]
[WhiteClock "0:02:02"]
[BlackClock "0:02:06"]

1. e4 c6 2. d4 d5 3. exd5 cxd5 4. Bd3 Nc6 5. c3 Nf6 6. Bf4 Bg4 7. Qb3 Qd7 8. Nd2 e6 9. Ngf3 Bd6 10. Bxd6 Qxd6 11. O-O O-O 12. Rae1 Nd7 13. Qc2 Bxf3 14. Bxh7+ Kh8 15. Nxf3 f5 16. Ng5 Rf6 17. Rxe6 Qf4 18. Rxf6 gxf6 19. Ne6 Qe4 20. Bxf5 Qxc2 21. Bxc2 Re8 22. Nf4 1-0


[Site "https://www.chess.com"]

[Event "Titled Tuesday Blitz October 11 Early 2022"]
[White "Alexikov, Alexander"]
[Black "Aaditya Dhingra"]
[WhiteFideId "14103958"]
[BlackFideId "25678191"]
[WhiteElo "2222"]
[BlackElo "2054"]
[Result "0-1"]
[Round "10"]
[TimeControl "180+1"]
[Date "2022.10.12"]
[WhiteClock "0:00:12"]
[BlackClock "0:00:14"]

1. e4 c5 2. Nf3 d6 3. Bb5+ Nd7 4. d4 cxd4 5. Qxd4 a6 6. Bxd7+ Bxd7 7. c4 e5 8. Qd3 h6 9. Nc3 Nf6 10. O-O Be7 11. b3 O-O 12. Rd1 Bc6 13. a4 Qc7 14. a5 Rad8 15. Be3 Qb8 16. Bb6 Rc8 17. h3 Nh5 18. g3 Rce8 19. Kh2 Kh8 20. Ra2 Nf6 21. Re2 Nd7 22. Be3 f5 23. Bc1 Nc5 24. Qc2 Nxe4 25. Nd5 Bxd5 26. Rxd5 Qc7 27. b4 Rc8 28. c5 Bf6 29. Rxe4 fxe4 30. Qxe4 dxc5 31. Rxc5 Qe7 32. Be3 Rfe8 33. Rd5 Qc7 34. Rc5 Qf7 35. h4 Rxc5 36. Bxc5 Qd7 37. Kg2 Rd8 38. h5 Qd5 39. Qxd5 Rxd5 40. Kf1 e4 41. Nh2 Bd4 42. Be7 Rd7 43. Bh4 Bc3 44. Ke2 Bxb4 45. Ke3 Bxa5 46. Kxe4 b5 47. Ng4 Bc7 48. Ne3 Bb6 49. Nd5 Bxf2 50. Ke5 Bc5 51. g4 b4 52. g5 hxg5 53. Bxg5 b3 54. Bc1 a5 55. Nf4 Bd6+ 56. Ke6 Bxf4 57. Bxf4 Rb7 58. Bc1 b2 59. Bxb2 Rxb2 0-1


[Site "https://www.chess.com"]

[Event "Titled Tuesday Blitz October 11 Early 2022"]
[White "Aloma Vidal, Robert"]
[Black "Manukian, Artak"]
[WhiteFideId "2260409"]
[BlackFideId "13301373"]
[WhiteElo "2435"]
[BlackElo "2519"]
[Result "1-0"]
[Round "10"]
[TimeControl "180+1"]
[Date "2022.10.12"]
[WhiteClock "0:01:29"]
[BlackClock "0:02:01"]

1. e4 c6 2. d4 d5 3. e5 Bf5 4. Nf3 e6 5. Be2 c5 6. Be3 Qb6 7. c4 dxc4 8. O-O Qxb2 9. dxc5 Qxa1 10. Qa4+ Nc6 11. Nd4 Ne7 12. Nd2 Qc3 13. Nxc4 O-O-O 14. Nd6+ Rxd6 15. cxd6 Nxd4 16. Qe8# 1-0


[Site "https://www.chess.com"]

[Event "Titled Tuesday Blitz October 11 Early 2022"]
[White "Ambartsumova, Karina"]
[Black "Silva, Pedro Gil Ferreira Da"]
[WhiteFideId "4166299"]
[BlackFideId "1946102"]
[WhiteElo "2299"]
[BlackElo "2170"]
[Result "1/2-1/2"]
[Round "10"]
[TimeControl "180+1"]
[Date "2022.10.12"]
[WhiteClock "0:00:11"]
[BlackClock "0:00:35"]

1. Nf3 c5 2. c4 Nc6 3. d4 cxd4 4. Nxd4 g6 5. e4 Bg7 6. Nc2 Nf6 7. Nc3 O-O 8. Be2 d6 9. O-O Be6 10. Be3 Ne5 11. b3 Neg4 12. Bd4 Qa5 13. h3 Ne5 14. f4 Nc6 15. Rc1 Nxd4 16. Nxd4 Bd7 17. Kh1 Bc6 18. Bf3 e5 19. Nxc6 bxc6 20. Qxd6 exf4 21. e5 Rad8 22. Qxc6 Qxe5 23. Nd5 Nxd5 24. cxd5 Rfe8 25. Qb7 Re7 26. Qb4 Qd6 27. Qxd6 Rxd6 28. Rc6 Be5 29. Re1 Kf8 30. b4 f6 31. Rc8+ Kf7 32. b5 Bd4 33. Rxe7+ Kxe7 34. Rh8 h5 35. Rh7+ Kd8 36. a4 Rd7 37. Rh8+ Kc7 38. Rg8 Re7 39. g4 fxg3 40. Kg2 g5 41. Kxg3 Kb6 42. Bxh5 Re3+ 43. Bf3 Ra3 44. d6 Be5+ 45. Kg2 Bxd6 46. Rg6 Be5 47. Rg7 Rxa4 48. Rb7+ Kc5 49. Bc6 Ra3 50. Rf7 Kd4 51. Rd7+ Ke3 52. Re7 Ra2+ 53. Kf1 Kf4 54. Rh7 Kg3 55. Ke1 f5 56. Rh5 Bf4 57. Bd7 Bd2+ 58. Kd1 Kf4 59. h4 gxh4 60. Rxh4+ Ke5 61. Rh2 Ra1+ 62. Kc2 Bf4 63. Re2+ Kd6 64. Bxf5 Ra2+ 65. Kd3 Rxe2 66. Kxe2 Kc5 67. Bd3 Kb6 68. Kd1 Bd6 69. Kc2 Bc5 70. Kb3 Bd6 71. Kc4 Bc5 72. Bc2 Bd6 73. Ba4 Bc5 74. Bc2 a6 75. bxa6 Kxa6 1/2-1/2


[Site "https://www.chess.com"]

[Event "Titled Tuesday Blitz October 11 Early 2022"]
[White "Araujo Sanchez, Josue"]
[Black "Zhao, Jun"]
[WhiteFideId "6416896"]
[BlackFideId "8602522"]
[WhiteElo "2370"]
[BlackElo "2547"]
[Result "0-1"]
[Round "10"]
[TimeControl "180+1"]
[Date "2022.10.11"]
[WhiteClock "0:00:35"]
[BlackClock "0:00:04"]

1. d4 Nf6 2. Nf3 d5 3. Bf4 e6 4. e3 Bd6 5. Nbd2 O-O 6. Bg3 c5 7. c3 b6 8. a4 Qc7 9. Bd3 Nbd7 10. a5 Bb7 11. O-O Bxg3 12. axb6 Bxf2+ 13. Rxf2 axb6 14. Rc1 c4 15. Bb1 Ng4 16. Re2 f5 17. Qe1 Ngf6 18. Qh4 h6 19. Qf4 Qxf4 20. exf4 Ne4 21. g3 b5 22. Ne1 Nb6 23. Nc2 Na4 24. Nxe4 fxe4 25. Nb4 Bc8 26. Bc2 Nb6 27. Ree1 Bd7 28. Ra1 Kf7 29. Kf2 Ke7 30. Ke3 Kd6 31. Reb1 Rfb8 32. h4 Be8 33. Bd1 g6 34. Bc2 Nc8 35. Bd1 Ne7 36. Bg4 Bd7 37. Kd2 Rg8 38. Rxa8 Rxa8 39. Rh1 Kc7 40. Ke2 Kb6 41. Kd2 Rg8 42. Be2 Nf5 43. g4 Ne7 44. h5 Rf8 45. Ke3 g5 46. fxg5 hxg5 47. Ra1 Ng8 48. Ra6+ Kc7 49. Ra7+ Kd6 50. Na6 Nf6 51. Nc5 Rb8 52. Kd2 b4 53. Kc2 bxc3 54. bxc3 Rf8 55. Kd2 Rb8 56. Kc2 Rh8 57. Ra6+ Ke7 58. Ra7 Rb8 59. Bd1 Kd6 60. Ra6+ Bc6 61. Kc1 Ra8 62. Rxa8 Bxa8 63. Kd2 Bc6 64. Na6 Be8 65. Ke3 Bd7 66. Nc5 Bc8 67. h6 Bd7 68. Be2 Be8 69. Nb7+ Ke7 70. Nc5 Bg6 71. Na6 Ng8 72. Bd1 Nxh6 73. Nc7 Be8 74. Nb5 Bxb5 0-1


[Site "https://www.chess.com"]

[Event "Titled Tuesday Blitz October 11 Early 2022"]
[White "Averjanov, Alexey"]
[Black "Yeletsky, Ivan"]
[WhiteFideId "14109867"]
[BlackFideId "24180327"]
[WhiteElo "2688"]
[BlackElo "2391"]
[Result "0-1"]
[Round "10"]
[TimeControl "180+1"]
[Date "2022.10.11"]
[WhiteClock "0:00:06"]
[BlackClock "0:00:09"]

1. d4 g6 2. c3 Nf6 3. Nf3 d6 4. Bf4 Bg7 5. e3 O-O 6. h3 Nc6 7. Be2 Nd7 8. O-O e5 9. dxe5 dxe5 10. Bh2 Nb6 11. Nbd2 f6 12. Qb3+ Kh8 13. a4 a6 14. a5 Nd7 15. Rfd1 Qe7 16. Nc4 Nc5 17. Qa3 Be6 18. b4 Ne4 19. Nfd2 Nxd2 20. Rxd2 Rfd8 21. Rad1 h5 22. Bg3 f5 23. Qb2 h4 24. Bh2 Rxd2 25. Rxd2 Rd8 26. Rxd8+ Qxd8 27. b5 Bxc4 28. bxc6 Bxe2 29. Qxe2 Qa8 30. Qc4 bxc6 31. Qxh4+ Kg8 32. Qc4+ Kh7 33. Qf7 Kh6 34. Qxc7 Qe8 35. Bg3 g5 36. h4 g4 37. Qd6+ Kh5 38. Qd3 Qc8 39. f3 gxf3 40. gxf3 Qe6 41. Kg2 Bh6 42. Qxa6 Qa2+ 43. Kh3 Qb1 44. Qe2 Qh1+ 45. Bh2 Bxe3 46. f4+ Kh6 47. Qg2 Qxg2+ 48. Kxg2 e4 49. a6 Ba7 50. Bg1 c5 51. Kf2 Kh5 52. Kg3 Kg6 53. Bf2 Kh5 54. Kg2 Kg4 55. c4 Kxf4 56. Kh3 e3 57. Be1 Ke4 58. h5 f4 59. h6 f3 60. Kg3 Bb8+ 61. Kh3 Kd3 62. h7 f2 63. Bxf2 exf2 64. h8=Q f1=Q+ 65. Kg4 Qg2+ 66. Kf5 Qe4+ 67. Kg5 Qf4+ 68. Kg6 Qe4+ 69. Kf7 Qf5+ 70. Ke7 Qe4+ 71. Kf7 Qxc4+ 72. Ke7 Qe4+ 73. Kf7 Qd5+ 74. Ke7 Qd6+ 75. Kf7 Qd7+ 76. Kg6 Qe6+ 77. Kg5 Qe3+ 78. Kg6 Qe4+ 79. Kf7 Be5 80. Qh3+ Kc4 81. Qe6+ Kb5 82. a7 Qb7+ 83. Qe7 Ka6 84. Ke6 Qxe7+ 85. Kxe7 Kxa7 86. Ke6 c4 87. Kd5 c3 88. Kc4 c2 89. Kb5 c1=Q 90. Ka4 Qb2 91. Ka5 Bc3+ 92. Ka4 Qb4# 0-1


[Site "https://www.chess.com"]

[Event "Titled Tuesday Blitz October 11 Early 2022"]
[White "Azarov, Sergei"]
[Black "Samant Aditya S"]
[WhiteFideId "13501470"]
[BlackFideId "35080580"]
[WhiteElo "2494"]
[BlackElo "2367"]
[Result "1-0"]
[Round "10"]
[TimeControl "180+1"]
[Date "2022.10.11"]
[WhiteClock "0:00:32"]
[BlackClock "0:00:04"]

1. e4 c5 2. Nf3 d6 3. d4 cxd4 4. Nxd4 e5 5. Bb5+ Nd7 6. Ne2 Nf6 7. Nbc3 a6 8. Bxd7+ Bxd7 9. Bg5 Bc6 10. Ng3 h6 11. Bxf6 Qxf6 12. Qd3 g6 13. Nf1 h5 14. Ne3 Bh6 15. Rd1 O-O-O 16. O-O Kb8 17. b4 Qe6 18. a4 Bxe3 19. fxe3 f5 20. exf5 gxf5 21. b5 axb5 22. axb5 Be8 23. Nd5 Rg8 24. c4 Qg6 25. Rf2 Qg4 26. Nf6 Qg7 27. Nxg8 Qxg8 28. b6 Bc6 29. Qa3 Qe6 30. Rfd2 Re8 31. Rxd6 Qxc4 32. Rd8+ Rxd8 33. Rxd8# 1-0


[Site "https://www.chess.com"]

[Event "Titled Tuesday Blitz October 11 Early 2022"]
[White "Barria Zuniga, Daniel"]
[Black "Yurovskykh, Oleksandr"]
[WhiteFideId "3400816"]
[BlackFideId "14134020"]
[WhiteElo "2414"]
[BlackElo "2303"]
[Result "0-1"]
[Round "10"]
[TimeControl "180+1"]
[Date "2022.10.12"]
[WhiteClock "0:00:02"]
[BlackClock "0:00:06"]

1. d4 d5 2. c4 e6 3. Nf3 Nf6 4. Nc3 c5 5. Bg5 cxd4 6. Qxd4 Nc6 7. Bxf6 gxf6 8. Qh4 d4 9. O-O-O e5 10. e3 Be7 11. exd4 f5 12. Qg3 e4 13. d5 Nb4 14. Ne5 Bf6 15. Kb1 Qd6 16. f4 Bd7 17. a3 Na6 18. Be2 b6 19. b4 Nc7 20. Bh5 Rf8 21. Rhe1 a5 22. Na2 axb4 23. axb4 Rxa2 24. Kxa2 Qxb4 25. Qa3 Qxa3+ 26. Kxa3 Na6 27. Kb3 Nc5+ 28. Kb4 Ke7 29. Ra1 Kd6 30. Ra7 Bxe5 31. fxe5+ Kxe5 32. Rea1 Kd6 33. R7a3 f6 34. Kc3 Rg8 35. g3 f4 36. gxf4 Rg2 37. Kd4 Rxh2 38. Bd1 Rd2+ 39. Ke3 Rh2 40. Be2 Rh3+ 41. Kd4 Nb3+ 42. Rxb3 Rxb3 43. Ra6 f5 44. Rxb6+ Rxb6 45. c5+ Kc7 46. cxb6+ Kxb6 47. Ke5 Kc5 48. d6 h6 49. Bh5 Bc8 50. Be8 e3 51. Bh5 Bd7 52. Be2 Bb5 53. Bxb5 Kxb5 54. d7 e2 55. d8=Q e1=Q+ 56. Kxf5 Qh1 0-1


[Site "https://www.chess.com"]

[Event "Titled Tuesday Blitz October 11 Early 2022"]
[White "Baskakov, Egor"]
[Black "Wirig, Anthony"]
[WhiteFideId "24197866"]
[BlackFideId "615013"]
[WhiteElo "2211"]
[BlackElo "2474"]
[Result "1-0"]
[Round "10"]
[TimeControl "180+1"]
[Date "2022.10.11"]
[WhiteClock "0:00:06"]
[BlackClock "0:00:04"]

1. e4 c5 2. Nf3 e6 3. Be2 Nc6 4. c4 e5 5. Nc3 d6 6. O-O Be7 7. d3 f5 8. exf5 Bxf5 9. Nd2 Nf6 10. Nde4 O-O 11. Be3 Qd7 12. Qd2 h6 13. f4 Nd4 14. fxe5 dxe5 15. Nxf6+ Bxf6 16. Nd5 Be7 17. Bf3 Bd6 18. Rae1 Be6 19. Be4 Rxf1+ 20. Rxf1 Rf8 21. Rxf8+ Kxf8 22. Bg6 Bxd5 23. cxd5 Be7 24. Bxh6 Qxd5 25. Qf2+ Kg8 26. Be3 Bf6 27. h3 Kf8 28. Bg5 Ke7 29. Qh4 Qxa2 30. Bxf6+ gxf6 31. Qh8 Qb1+ 32. Kh2 Qxb2 33. Qg7+ Kd6 34. Qxf6+ Kc7 35. Qe7+ Kb6 36. Qd6+ Nc6 37. h4 a5 38. h5 Qf2 39. Qe6 Qh4+ 40. Kg1 Qe1+ 41. Kh2 Qh4+ 42. Qh3 Qf4+ 43. Qg3 Qd2 44. Qh4 Qh6 45. g4 Qd2+ 46. Kh3 Nd4 47. Qg3 Ne2 48. Qxe5 Nf4+ 49. Kg3 Ne2+ 50. Kh4 Nd4 51. Qd6+ Kb5 52. Be8+ Kb4 53. Qb6+ Kc3 54. Qxa5+ Kxd3 55. Qxd2+ Kxd2 56. h6 Nf3+ 57. Kh5 c4 58. h7 c3 59. Bg6 c2 60. Bxc2 1-0


[Site "https://www.chess.com"]

[Event "Titled Tuesday Blitz October 11 Early 2022"]
[White "Begunov, Konstantin"]
[Black "Villamayor, Buenaventura"]
[WhiteFideId "4118510"]
[BlackFideId "5200393"]
[WhiteElo "2225"]
[BlackElo "2301"]
[Result "0-1"]
[Round "10"]
[TimeControl "180+1"]
[Date "2022.10.12"]
[WhiteClock "0:00:04"]
[BlackClock "0:01:36"]

1. d4 Nf6 2. c4 e6 3. Nf3 b6 4. g3 Ba6 5. Qa4 Bb7 6. Bg2 c5 7. dxc5 Bxc5 8. O-O O-O 9. Nc3 h6 10. Rd1 Qe7 11. Bf4 Nc6 12. a3 a5 13. Qc2 d6 14. Na4 e5 15. Nxc5 bxc5 16. Bc1 Nd4 17. Nxd4 cxd4 18. Bxb7 Qxb7 19. e3 Rfe8 20. exd4 exd4 21. Bf4 Qb6 22. Rab1 a4 23. Qd3 Rab8 24. Qxd4 Re1+ 25. Kg2 Qxd4 26. Rxd4 Rxb1 27. Bxd6 R8xb2 28. c5 Rc1 29. Be5 Ra2 30. Rxa4 Rxc5 31. Ra8+ Kh7 32. Bf4 Rcc2 33. Be3 Ng4 34. Bd4 Nxf2 35. Kf3 Nd3 36. Ra7 Rxh2 37. Ke4 Nf2+ 38. Kf3 Kg6 39. Ra6+ f6 40. Bc5 h5 41. Ra7 Ng4 42. Bf8 Rae2 43. Rxg7+ Kf5 44. Bc5 Rhf2+ 45. Bxf2 Rxf2# 0-1


[Site "https://www.chess.com"]

[Event "Titled Tuesday Blitz October 11 Early 2022"]
[White "Bortnyk, Olexandr"]
[Black "Liyanage, Ranindu Dilshan"]
[WhiteFideId "14120828"]
[BlackFideId "9915834"]
[WhiteElo "2723"]
[BlackElo "2210"]
[Result "1-0"]
[Round "10"]
[TimeControl "180+1"]
[Date "2022.10.11"]
[WhiteClock "0:01:40"]
[BlackClock "0:00:21"]

1. d4 Nf6 2. Nc3 d5 3. Bf4 c5 4. e4 Nxe4 5. Nxe4 dxe4 6. dxc5 Qa5+ 7. Qd2 Qxc5 8. O-O-O Nc6 9. Be3 Qf5 10. Ne2 e5 11. Ng3 Qg6 12. Bb5 Be7 13. h4 O-O 14. h5 Qe6 15. b3 Rd8 16. Qc3 Bd7 17. Bc4 Qg4 18. h6 g6 19. Bd5 Re8 20. Nxe4 Be6 21. Bxc6 bxc6 22. Qxe5 f6 23. Nxf6+ Bxf6 24. Qxf6 1-0


[Site "https://www.chess.com"]

[Event "Titled Tuesday Blitz October 11 Early 2022"]
[White "Broca Jimenez, Fernando"]
[Black "Toshali, V"]
[WhiteFideId "5104742"]
[BlackFideId "5072611"]
[WhiteElo "2062"]
[BlackElo "1973"]
[Result "1-0"]
[Round "10"]
[TimeControl "180+1"]
[Date "2022.10.12"]
[WhiteClock "0:00:15"]
[BlackClock "0:00:01"]

1. e4 c6 2. d4 d5 3. Nc3 dxe4 4. Nxe4 Nf6 5. Nxf6+ exf6 6. Bf4 Bd6 7. Qd2 O-O 8. Bd3 Re8+ 9. Ne2 Bg4 10. f3 Bh5 11. O-O Bg6 12. Rfe1 Bf8 13. c3 Nd7 14. Bg3 Nb6 15. Nf4 Bxd3 16. Qxd3 Qd7 17. Kf2 c5 18. dxc5 Bxc5+ 19. Kf1 Qc6 20. Bf2 Red8 21. Qe4 Qb5+ 22. Qe2 Nc4 23. Kg1 Bxf2+ 24. Qxf2 Rd2 25. Re2 Qxb2 26. Rae1 Rxe2 27. Qxe2 Qxe2 28. Rxe2 Kf8 29. Re4 Nd6 30. Rd4 Nb5 31. Rd7 b6 32. c4 Na3 33. Rc7 a5 34. Nd5 Rb8 35. Rc6 b5 36. c5 b4 37. Nb6 Ke8 38. Rc7 a4 39. Nxa4 Nb5 40. Rc6 Nc3 41. Nb6 Nxa2 42. Rd6 b3 43. Rd2 Nc3 44. Rb2 Na4 45. Rxb3 Nxc5 46. Re3+ Kd8 47. Nd5 Ne6 48. Nc3 Rb3 49. Nd1 Rb1 50. Rd3+ Ke7 51. Kf2 Nf4 52. Re3+ Ne6 53. Nc3 Ra1 54. Nd5+ Kd6 55. Nc3 Rc1 56. Ne4+ Ke7 57. Rd3 f5 58. Nd6 Rc2+ 59. Kf1 g6 60. Nb5 Nf4 61. Re3+ Kf6 62. g3 Nd5 63. Re2 Rc1+ 64. Kf2 Rc5 65. Nd4 Nb4 66. Nb3 Rc3 67. Nd4 Nd3+ 68. Kg2 Rc1 69. f4 Ne1+ 70. Kf2 Nd3+ 71. Kg2 Nc5 72. Nf3 Ne4 73. Ne5 Kg7 74. Nd7 f6 75. Nb6 Rc6 76. Nd5 Rd6 77. Nb4 Rd4 78. Nc2 Rc4 79. Ne3 Rc3 80. g4 fxg4 81. Nxg4 f5 82. Ne5 Kf6 83. Nf3 Rc4 84. Ra2 Nd6 85. Ra6 Ke7 86. Ne5 Rxf4 87. Ra7+ Ke6 88. Nd7 Rg4+ 89. Kf3 Ne4 90. Nf8+ Ke5 91. Nxh7 Ng5+ 92. Kf2 Ne4+ 93. Kf3 Rf4+ 94. Ke3 Rh4 95. Ra5+ Ke6 96. Nf8+ Kf7 97. Ra8 Rh3+ 98. Kf4 Rxh2 99. Ke5 Nc3 100. Ne6 1-0


[Site "https://www.chess.com"]

[Event "Titled Tuesday Blitz October 11 Early 2022"]
[White "Buscar, Michael"]
[Black "Yaniuk, Volodymyr"]
[WhiteFideId "2603616"]
[BlackFideId "14133083"]
[WhiteElo "2010"]
[BlackElo "2141"]
[Result "1-0"]
[Round "10"]
[TimeControl "180+1"]
[Date "2022.10.12"]
[WhiteClock "0:00:06"]
[BlackClock "0:00:08"]

1. Nf3 d5 2. g3 Nc6 3. Bg2 Nf6 4. d4 Bf5 5. O-O e6 6. c4 Be7 7. Bf4 O-O 8. Nbd2 h6 9. Rc1 Bd6 10. c5 Bxf4 11. gxf4 Ne4 12. e3 Nxd2 13. Qxd2 Be4 14. Ne1 f5 15. f3 Qh4 16. Qf2 Qh5 17. fxe4 fxe4 18. a3 Rf6 19. Kh1 Raf8 20. Qg3 Kh8 21. Rg1 Ne7 22. Bh3 R8f7 23. Rc2 Qd1 24. Rcg2 Rg6 25. Qh4 Rxg2 26. Nxg2 Qd2 27. Bxe6 Rf6 28. f5 b6 29. cxb6 axb6 30. Qg3 c5 31. Qb8+ Kh7 32. Qxb6 Nxf5 33. Bxf5+ Rxf5 34. Nf4 Rg5 35. Rxg5 hxg5 36. Qg6+ Kg8 37. Qe8+ Kh7 38. Qh5+ Kg8 39. Qxg5 Qxe3 40. Qxd5+ Kh7 41. Qg5 cxd4 42. Qg6+ Kg8 43. Qe8+ Kh7 44. Qg6+ Kg8 45. Qe8+ Kh7 46. Qh5+ Kg8 47. Qd5+ Kh8 48. Ng6+ Kh7 49. Qh5+ Kg8 50. Ne7+ Kf8 51. Nf5 Qc1+ 52. Kg2 Qxb2+ 53. Kg3 Qxa3+ 54. Kf4 e3 55. Qh8+ Kf7 56. Qxg7+ Ke8 57. Qg8+ Kd7 58. Qd5+ Ke8 59. Qxd4 e2 60. Qe5+ Kf7 61. Qxe2 Qh3 62. Qe7+ Kg8 63. Qg7# 1-0


[Site "https://www.chess.com"]

[Event "Titled Tuesday Blitz October 11 Early 2022"]
[White "Carbone, Diego"]
[Black "Dushyant Sharma"]
[WhiteFideId "3002179"]
[BlackFideId "25065130"]
[WhiteElo "2243"]
[BlackElo "2270"]
[Result "0-1"]
[Round "10"]
[TimeControl "180+1"]
[Date "2022.10.12"]
[WhiteClock "0:00:01"]
[BlackClock "0:01:39"]

1. d4 d5 2. c4 e6 3. Nf3 Nf6 4. g3 Be7 5. Bg2 O-O 6. O-O dxc4 7. Qc2 c5 8. dxc5 Nc6 9. Nbd2 e5 10. Nxc4 e4 11. Nfe5 Nd4 12. Qd1 Bxc5 13. a3 b5 14. b4 bxc4 15. bxc5 Nb3 16. Rb1 Nxc5 17. Nxc4 Ba6 18. Be3 Rc8 19. Nd6 Bxe2 20. Qxe2 Qxd6 21. Rfd1 Qe6 22. Rb5 Na4 23. Bd4 Nc3 24. Bxc3 Rxc3 25. a4 e3 26. fxe3 Rxe3 27. Qb2 h6 28. Rf1 Re8 29. Rb7 Re2 30. Qb3 Qe3+ 31. Qxe3 R8xe3 32. a5 Ra3 33. Rxa7 Raa2 34. Bf3 Rxh2 35. a6 Rh3 36. Ra8+ Kh7 37. Rf2 Rxg3+ 38. Bg2 Ra1+ 39. Kh2 Rga3 40. Rc2 Ng4# 0-1


[Site "https://www.chess.com"]

[Event "Titled Tuesday Blitz October 11 Early 2022"]
[White "Carlsen, Magnus"]
[Black "Rustemov, Alexander"]
[WhiteFideId "1503014"]
[BlackFideId "4119002"]
[WhiteElo "2830"]
[BlackElo "2859"]
[Result "1-0"]
[Round "10"]
[TimeControl "180+1"]
[Date "2022.10.11"]
[WhiteClock "0:01:38"]
[BlackClock "0:00:02"]

1. g4 d5 2. h3 c6 3. d3 e5 4. Nf3 Bd6 5. c4 Ne7 6. Nc3 O-O 7. Bg2 d4 8. Ne4 c5 9. b4 cxb4 10. a3 Nbc6 11. Nxd6 Qxd6 12. axb4 Nxb4 13. Ba3 Nec6 14. Nd2 a5 15. Ne4 Qc7 16. Ng3 Bd7 17. Be4 Rae8 18. Qd2 b6 19. Kf1 f6 20. Kg2 g6 21. Qh6 Be6 22. h4 Qg7 23. Qxg7+ Kxg7 24. Bxc6 Nxc6 25. Bxf8+ Rxf8 26. Rhb1 Nb4 27. g5 f5 28. Nf1 e4 29. Nd2 Bd7 30. Nb3 exd3 31. exd3 Nxd3 32. Nxd4 Nb4 33. c5 bxc5 34. Rxa5 Nd3 35. Rb7 Rf7 36. Raa7 cxd4 37. Rxd7 Ne5 38. Rxf7+ Nxf7 39. Rd7 d3 40. Kg3 Kg8 41. Rxd3 h6 42. Kf4 hxg5+ 43. hxg5 Kf8 44. Rd7 Ke8 45. Ra7 Kf8 46. Rxf7+ Kxf7 47. Ke5 Ke7 48. f4 Kf7 49. Kd6 1-0


[Site "https://www.chess.com"]

[Event "Titled Tuesday Blitz October 11 Early 2022"]
[White "Carrasco Miranda, Andres"]
[Black "Shaik Sumer Arsh"]
[WhiteFideId "3405990"]
[BlackFideId "45020000"]
[WhiteElo "2183"]
[BlackElo "2190"]
[Result "1-0"]
[Round "10"]
[TimeControl "180+1"]
[Date "2022.10.12"]
[WhiteClock "0:00:06"]
[BlackClock "0:00:05"]

1. d4 Nf6 2. c4 e6 3. g3 d5 4. Bg2 Bb4+ 5. Nd2 dxc4 6. Qa4+ Bd7 7. Qxb4 Nc6 8. Qxc4 Ne7 9. Ngf3 Bc6 10. O-O O-O 11. Ne5 Bxg2 12. Kxg2 c6 13. Ndf3 Ne4 14. Qc2 Nd6 15. Rd1 f6 16. Nc4 Ndf5 17. e4 Nh6 18. Bxh6 gxh6 19. Qd2 Kg7 20. e5 f5 21. Nd6 f4 22. Nh4 Nd5 23. Re1 Qg5 24. Ne4 f3+ 25. Nxf3 Qg4 26. Ng1 Rf7 27. f3 Qg6 28. Nc3 Nf4+ 29. Kh1 Nh5 30. Ne4 Raf8 31. f4 Rf5 32. Nd6 Nxg3+ 33. hxg3 Rh5+ 34. Kg2 Qg4 35. Qe2 Qg6 36. Nf3 Rxf4 37. Rh1 Rg4 38. Rxh5 Rxg3+ 39. Kf1 Qxh5 40. Ng1 Qh1 41. Qf2 Rg4 42. Qf6+ Kg8 43. Qf7+ Kh8 44. Qf8+ Rg8 45. Nf7# 1-0


[Site "https://www.chess.com"]

[Event "Titled Tuesday Blitz October 11 Early 2022"]
[White "Ciuffoletti, Paolo"]
[Black "Rosenberg, Evan S"]
[WhiteFideId "807630"]
[BlackFideId "2019299"]
[WhiteElo "2143"]
[BlackElo "2409"]
[Result "1/2-1/2"]
[Round "10"]
[TimeControl "180+1"]
[Date "2022.10.12"]
[WhiteClock "0:00:13"]
[BlackClock "0:00:30"]

1. e4 e6 2. d4 d5 3. e5 c5 4. c3 Nc6 5. Nf3 Qb6 6. a3 c4 7. Nbd2 Na5 8. Rb1 Bd7 9. Be2 Ne7 10. O-O Nc8 11. Re1 h6 12. Nf1 Qc7 13. Be3 Nb6 14. N3d2 Ba4 15. Qc1 Nb3 16. Nxb3 Bxb3 17. Nd2 a5 18. Nxb3 cxb3 19. Bb5+ Kd8 20. f4 a4 21. Qd1 Nc4 22. Qd3 Ra5 23. Bxc4 Qxc4 24. Qd2 g6 25. Bf2 Be7 26. Rf1 h5 27. Rbe1 h4 28. g4 hxg3 29. hxg3 Kd7 30. Kg2 Raa8 31. Rh1 Rag8 32. g4 b5 33. Rxh8 Rxh8 34. f5 gxf5 35. gxf5 Rg8+ 36. Kf3 Bg5 37. Be3 Bxe3 38. Qxe3 Rh8 39. fxe6+ fxe6 40. Rg1 Rh3+ 41. Rg3 Qf1+ 42. Qf2 Qd3+ 43. Kg4 Rxg3+ 44. Qxg3 Qe2+ 45. Qf3 Qxf3+ 46. Kxf3 Ke7 47. Kf4 Kf7 48. Kg5 Kg7 49. Kh5 Kh7 50. Kg5 Kg7 51. Kh5 Kh7 52. Kg5 Kg7 1/2-1/2


[Site "https://www.chess.com"]

[Event "Titled Tuesday Blitz October 11 Early 2022"]
[White "Costachi, Mihnea"]
[Black "Gabrielian, Artur"]
[WhiteFideId "1217518"]
[BlackFideId "4131002"]
[WhiteElo "2437"]
[BlackElo "2432"]
[Result "1-0"]
[Round "10"]
[TimeControl "180+1"]
[Date "2022.10.11"]
[WhiteClock "0:01:35"]
[BlackClock "0:00:16"]

1. d4 Nf6 2. c4 c5 3. d5 e6 4. Nc3 exd5 5. cxd5 d6 6. Nf3 g6 7. Nd2 Nbd7 8. e4 Bg7 9. Be2 O-O 10. O-O Re8 11. h3 a6 12. a4 Rb8 13. Re1 h6 14. Bf1 g5 15. Nc4 Ne5 16. Nxe5 Rxe5 17. f4 gxf4 18. Bxf4 Nh7 19. Bxe5 Bxe5 20. Qh5 Qf6 21. Qf3 Qg7 22. Kh1 Bd7 23. Bd3 b5 24. axb5 axb5 25. Ra7 Be8 26. Rf1 c4 27. Be2 b4 28. Nd1 Ng5 29. Qf5 c3 30. bxc3 bxc3 31. Rc7 Nh7 32. Rc8 Rxc8 33. Qxc8 Kf8 34. Bb5 Qg3 35. Qxe8+ Kg7 36. Rxf7+ 1-0


[Site "https://www.chess.com"]